 Dungeon Crawl Stone Soup version 0.29.0-4-gdea44cf6ec (webtiles) character file.

Game seed: 16359265734564495923

51 qw the Chopper (level 3, -2/21 HPs)
             Began as a Tengu Warper on Aug 28, 2022.
             Slain by Jessica
             ... wielding a +0 club
              (3 damage)
             ... on level 2 of the Dungeon.
             The game lasted 00:00:09 (1576 turns).

qw the Chopper (Tengu Warper)                       Turns: 1576, Time: 00:00:10

Health: -2/21      AC:  5    Str: 13    XL:     3   Next: 83%
Magic:  7/7        EV: 11    Int: 13    God:
Gold:   117        SH:  0    Dex: 13    Spells: 6/6 levels left

rFire   . . .      SeeInvis .   Y - +0 hand axe
rCold   . . .      Faith    .   (no shield)
rNeg    . . .      Spirit   .   d - +0 ring mail
rPois   .          Reflect  .   (helmet restricted)
rElec   .          Harm     .   (no cloak)
rCorr   .          Rampage  .   (no gloves)
Will    .....                   (boots unavailable)
Stlth   +.........              (no amulet)
HPRegen 0.07/turn               (no ring)
MPRegen 0.10/turn               (no ring)

@: no status effects
A: beak, talons 3
a: no special abilities


You were on level 2 of the Dungeon.
You visited 1 branch of the dungeon, and saw 2 of its levels.

You collected 117 gold pieces.


Innate Abilities, Weirdness & Mutations

You have a beak for a mouth.
You have claws for feet.


   Skills:
 - Level 2.0 Fighting
 + Level 4.4 Axes
 - Level 1.0 Throwing
 - Level 1.1 Armour
 - Level 2.1 Dodging
 - Level 2.0 Spellcasting
 - Level 2.4 Translocations


You had 6 spell levels left.
You didn't know any spells.
Your spell library contained the following spells:

 Spells                   Type           Power      Damage    Failure   Level
 Blink                    Tloc           14%        N/A       30%         2
 Gell's Gravitas          Tloc           7%         N/A       52%         3
 Lesser Beckoning         Tloc           7%         N/A       52%         3
 Teleport Other           Tloc           7%         N/A       52%         3
 Manifold Assault         Tloc           7%         N/A       99%         5

Inventory:

Hand Weapons
 g - a +0 whip
 Y - a +0 hand axe (weapon)
Missiles
 e - 5 boomerangs (quivered)
Armour
 d - a +0 ring mail (worn)
 h - a +0 pair of gloves
 i - a +0 scale mail
 j - a scarf of shadows
 l - a +2 cloak
Scrolls
 c - a scroll of identify {unknown}
 k - a scroll of butterflies {unknown}
Potions
 a - 2 potions of ambrosia {unknown}
 b - a potion of invisibility {unknown}
 f - a potion of flight {unknown}

Dungeon Overview and Level Annotations

Branches:
Dungeon (2/15)

Altars:

Annotations:
D:2 Jessica


Message History

You see here a worm corpse.
You now have 103 gold pieces (gained 14).
k - a scroll labelled OGOIVI NI UTHRA
Found 3 stones.
You now have 117 gold pieces (gained 14).
Found 2 poisoned darts.
l - a +2 cloak A rat comes into view.
Enter note:
Enter note:
Enter note:
Enter note:
Enter note: Throw: 5 boomerangs
Press: ? - help, Q - select action Shift-Dir - straight line, f - rat You throw a boomerang.
The boomerang completely misses the rat.
Throw: 5 boomerangs
Press: ? - help, Q - select action Shift-Dir - straight line, f/p - rat You throw a boomerang.
The boomerang hits the rat.
The rat is severely wounded.
Throw: 5 boomerangs
Press: ? - help, Q - select action Shift-Dir - straight line, f/p - rat You throw a boomerang.
The boomerang hits the rat.
You kill the rat!
Jessica the Apprentice Sorceress comes into view.
She is wielding a +0 club.
Jessica shouts!
Jessica gestures at you while chanting. Pain shoots through your body!
Ouch! That really hurt!
1572 ||| Stepping ~*~*~tactically~*~*~ (hiding).
Jessica casts a spell at you. Pain shoots through your body!
You closely miss Jessica. You claw Jessica.
Jessica is severely wounded.
Jessica closely misses you.
You hit Jessica. Your peck misses Jessica.
Jessica is severely wounded.
Jessica hits you with a +0 club.
You die...

...# . ...# .. .# ...
...######.#######. ...
...#..............#.....
............. ..........
...#.########.#..##... ...#.# #..
....... ####.# #.# #@.#.# #.#
####.## #.#.##@.#.# #.# #.....#
#.#.......# #.#
#.....#####.#.##....# #.##
#...........#.##.#..## #..#
###.........#.##.#...######..#
#..........................#
####.######..................####
...#.######...##.###...####......
..............##.# ###....#..####


You could see Jessica.

Vanquished Creatures
  A worm (D:2)
  2 dart slugs (D:1)
  5 bats (D:1)
  4 endoplasms (D:1)
  A giant cockroach (D:1)
  5 goblins
  A hobgoblin (D:2)
  6 jackals (D:1)
  5 kobolds
  A quokka (D:1)
  5 ball pythons
  A frilled lizard (D:1)
  3 rats
40 creatures vanquished.

Notes
Turn   | Place    | Note
-------+----------+-------------------------------------------
     0 | D:1      | qw the Tengu Warper began the quest for the Orb.
     0 | D:1      | Reached XP level 1. HP: 12/12 MP: 4/4
     0 | D:1      | 0 ||| qw: Version: 0.1-a-89-g26bdef1
     0 | D:1      | 0 ||| qw: Game counter: 184
     0 | D:1      | 0 ||| qw: Always use a shield: true
     0 | D:1      | 0 ||| qw: God list: Okawaru
     0 | D:1      | 0 ||| qw: Allow faded altars: false
     0 | D:1      | 0 ||| qw: Do Orc after D:15 true
     0 | D:1      | 0 ||| qw: Do second Lair branch before Depths: true
     0 | D:1      | 0 ||| qw: Lair rune preference: random
     0 | D:1      | 0 ||| qw: Plans: Normal
     0 | D:1      | 0 ||| PLANNING D:1-11
    25 | D:1      | 25 ||| Stepping ~*~*~tactically~*~*~ (stealth).
   209 | D:1      | Reached XP level 2. HP: 17/17 MP: 6/6
   215 | D:1      | Reached skill level 3 in Axes
   221 | D:1      | 221 ||| DROPPING +0 club.
   513 | D:1      | 513 ||| Stepping ~*~*~tactically~*~*~ (hiding).
   647 | D:1      | Reached XP level 3. HP: 21/21 MP: 7/7
   890 | D:1      | 890 ||| Stepping ~*~*~tactically~*~*~ (stealth).
   898 | D:1      | 898 ||| Stepping ~*~*~tactically~*~*~ (stealth).
   899 | D:1      | 899 ||| Stepping ~*~*~tactically~*~*~ (stealth).
   900 | D:1      | 900 ||| Stepping ~*~*~tactically~*~*~ (stealth).
   904 | D:1      | Reached skill level 4 in Axes
  1045 | D:1      | 1045 ||| UPGRADING to +0 ring mail.
  1055 | D:1      | 1055 ||| DROPPING +0 leather armour.
  1056 | D:1      | 1056 ||| READING scroll labelled PYSMID RAUMOX.
  1060 | D:1      | 1060 ||| READING scroll labelled WUYGGE KESOUD.
  1061 | D:1      | 1061 ||| DROPPING scroll of blinking.
  1085 | D:2      | Found a faded altar of an unknown god.
  1086 | D:2      | 1086 ||| STAIRDANCE
  1103 | D:2      | 1103 ||| STAIRDANCE
  1202 | D:2      | 1202 ||| Stepping randomly (stuck).
  1203 | D:2      | 1203 ||| Stepping randomly (stuck).
  1209 | D:2      | 1209 ||| Stepping randomly (stuck).
  1211 | D:2      | 1211 ||| Stepping ~*~*~tactically~*~*~ (stealth).
  1571 | D:2      | Noticed Jessica
  1572 | D:2      | 1572 ||| Stepping ~*~*~tactically~*~*~ (hiding).
  1573 | D:2      | HP: 1/21 [Jessica/nerve-wracking pain (7)]
  1576 | D:2      | Slain by Jessica

Levels and vault maps discovered:
D:1:      dpeg_arrival_line_fractal, layout_basic, minmay_fountain_box
D:2:      layout_basic, nicolae_ecumenical_pavilion, dk_vineyard_2,
          uniq_sigmund, uniq_jessica, uniq_robin

Skill      XL: |  1  2  3 |
---------------+----------+-----
Axes           | 3 4 |  4.4
Fighting       | |  2.0
Throwing       | |  1.0
Armour         | |  1.1
Dodging        | |  2.1
Spellcasting   | |  2.0
Translocations | |  2.4

Action                   || total
-------------------------++-------
Melee: Hand axe          ||    79
       Kick              ||    17
       Peck              ||    11
Throw: Boomerang         ||    15
  Use: Scroll            ||     2
Armor: Leather armour    ||    19
       Ring mail         ||    14
Dodge: Dodged            ||    53

Table legend:
 A = Non-vault XP
 B = Vault XP
 C = Vault XP percentage of total XP
 D = Non-vault monster count
 E = Vault monster count
 F = Vault count percentage of total count
                 A         B        C        D         E       F
            +---------+---------+-------+---------+---------+-------
      Total |      74 |       0 |   0.0 |      40 |       0 |   0.0
            +---------+---------+-------+---------+---------+-------
        D:1 |      57 |       0 |   0.0 |      31 |       0 |   0.0
        D:2 |      17 |       0 |   0.0 |       9 |       0 |   0.0
            +---------+---------+-------+---------+---------+-------
